 Dungeon Crawl Stone Soup version 0.31-a0-1074-g0b22e4e0f1 (webtiles) character file.

Game seed: 9403297086032587389

54 grandjackal the Twirler (level 4, -3/57 HPs)
             Began as a Djinni Gladiator on Nov 29, 2023.
             Slain by a goblin
             ... wielding a +0 dagger
             ... led by Robin
              (5 damage)
             ... on level 2 of the Dungeon.
             The game lasted 00:02:11 (911 turns).

grandjackal the Twirler (Djinni Gladiator)           Turns: 911, Time: 00:02:12

Health: -3/57      AC:  6    Str: 17    XL:     4   Next: 12%
Gold:   51         EV: 11    Int: 11    God:
                   SH:  0    Dex: 13

rFire   + + +        a - +0 quarterstaff
rCold   . . .        (shield currently unavailable)
rNeg    . . .        f - +0 ring mail
rPois   ∞            c - +0 helmet
rElec   +            (no cloak)
rCorr   +            (no gloves)
SInv    .            (boots unavailable)
Will    .....        (no amulet) Stlth
                     (no ring)
HPRegen 0.29/turn    (no ring)
MPRegen 0.00/turn

%: infuse magic (-4 HP)
@: berserking, resistant, flying, very quick
A: sickness immunity, fire resistance 2, cold vulnerability 1, float, innate
caster, HP casting, extra vitality 1, robust 1, strong 1
a: no special abilities


You were on level 2 of the Dungeon.
You visited 1 branch of the dungeon, and saw 2 of its levels.

You collected 51 gold pieces.

Inventory:

Hand Weapons
 a - a +0 quarterstaff (weapon)
Missiles
 d - 3 throwing nets (quivered)
 e - a javelin
 o - 4 silver javelins
Armour
 c - a +0 helmet (worn)
 f - a +0 ring mail (worn)
Magical Staves
 h - a staff of conjuration
Scrolls
 b - a scroll of blinking {unknown}
 j - 3 scrolls of identify {unknown}
 k - a scroll of noise {unknown}
 p - a scroll of teleportation {unknown}
 q - a scroll of amnesia {unknown}
Potions
 n - a potion of might {unknown}
 r - a potion of lignification {unknown}


   Skills:
 + Level 3.0 Fighting
 + Level 3.3 Staves
 - Level 1.5 Throwing
 - Level 3.2 Dodging
 + Level 1.3 Evocations


You knew the following spells:

 Your Spells              Type           Power      Damage    Failure   Level
a - Slow                  Hex            0%         N/A       54%         1
Your spell library was empty.

Dungeon Overview and Level Annotations

Branches:
Dungeon (2/15)

Altars:

Annotations:
D:2 Robin


Innate Abilities, Weirdness & Mutations

You are immune to sickness and miasma.
You are immune to poison.
Your flesh is very heat resistant. (rF++)
You are vulnerable to cold. (rC-)
You float through the air rather than walking.
You learn spells naturally, not from books.
Your magical power is your life essence.
You have superior vitality. (+4 MHP)
You are robust. (+10% HP)
Your muscles are strong. (Str +4, Int/Dex -1)


Message History

Robin roars a battlecry!
The goblins go into a battle-frenzy!
The goblin barely misses you.
You hear an angry hiss.
You barely miss the goblin.
The goblin is moderately wounded.
The goblin hits you with a +0 dagger.
* * * LOW HITPOINT WARNING * * *
The goblin hits you but does no damage.
Unknown command.
You closely miss the goblin.
The goblin is moderately wounded.
The goblin no longer looks unusually strong.
The goblin hits you but does no damage. x2
Unknown command.
It was a potion of resistance.
You feel protected. The goblin hits you but does no damage.
Robin roars a battlecry!
The goblin goes into a battle-frenzy!
The goblin hits you but does no damage.
It was a potion of berserk rage.
A red film seems to cover your vision as you go berserk!
You feel yourself moving faster!
You feel mighty! The goblin hits you with a +0 dagger.
* * * LOW HITPOINT WARNING * * *
The goblin hits you but does no damage.
You sock the goblin!
You kill the goblin!
Robin throws the goblin at you!
* * * LOW HITPOINT WARNING * * *
The goblin hits you with a +0 dagger.
* * * LOW HITPOINT WARNING * * *
The goblin hits you with a +0 dagger.
* * * LOW HITPOINT WARNING * * *
Your Fighting skill increases to level 3!
You closely miss the goblin.
The goblin no longer looks unusually strong.
The goblin hits you with a +0 dagger.
You die... #.# #.##### #.# #.....# #.# #####.# #.# #....# #.# #.##.# g..g. #.# #.#### .g.gg

#.# #.#####
....# #g#
#.....# .... #@#
#####.###
#..##g#
#.......#
#...#†#
#.#######
#..>#g####.#
#...gg##...#####
#.#.gg...#.....#
###
#.#......#.....#
#..
#........†.....#
#.#
##.......#....:#
#.#


You could see Robin, a gnoll and 5 goblins.

Vanquished Creatures
  2 adders (D:2)
  4 ball pythons (D:1)
  4 endoplasms (D:1)
  7 goblins
  6 hobgoblins
  2 kobolds (D:1)
  2 bats (D:2)
  A frilled lizard (D:1)
  5 rats
33 creatures vanquished.

Notes
Turn   | Place    | Note
-------+----------+-------------------------------------------
     0 | D:1      | grandjackal the Djinni Gladiator began the quest for the
                  | Orb.
     0 | D:1      | Reached XP level 1. HP: 18/18 MP: 0/0
   157 | D:1      | Reached XP level 2. HP: 13/23 MP: 0/0
   521 | D:1      | Reached XP level 3. HP: 26/29 MP: 0/0
   521 | D:1      | Learned a level 1 spell: Slow
   771 | D:2      | Reached skill level 1 in Evocations
   888 | D:2      | Noticed Robin
   891 | D:2      | Reached XP level 4. HP: 27/34 MP: 0/0
   901 | D:2      | Gained mutation: You are robust. (+10% HP) [potion of
                  | mutation]
   901 | D:2      | Gained mutation: Your muscles are strong. (Str +4, Int/Dex
                  | -1) [potion of mutation]
   910 | D:2      | HP: 2/55 [goblin/+0 dagger[Robin] (2)]
   911 | D:2      | Slain by a goblin

Illustrated notes

Levels and vault maps discovered:
D:1:      shiori_angband_town, layout_basic
D:2:      layout_basic, uniq_robin, uniq_sigmund

Skill      XL: |  1  2  3  4 |
---------------+-------------+-----
Staves         | 3 |  3.3
Evocations     | 1 |  1.3
Fighting       | 3 |  3.0
Throwing       | |  1.5
Dodging        | |  3.2

Action                     |  1- 3 |  4- 6 || total
---------------------------+-------+-------++-------
  Melee: Quarterstaff      |    82 |    16 ||    98
    Use: Potion            |       |     4 ||     4
 Armour: Ring mail         |    48 |    37 ||    85
         Leather armour    |     2 |       ||     2
  Dodge: Dodged            |    59 |    11 ||    70

Table legend: (Time is in decaauts)
 A = Elapsed time spent in this place.
 B = Non-inter-level travel time spent in this place.
 C = Inter-level travel time spent in this place.
 D = Time resting spent in this place.
 E = Time spent auto-exploring this place.
 F = Levels seen in this place.
 G = Mean time per level.
                   A        B        C        D        E       F      G
               +--------+--------+--------+--------+--------+-----+--------+
         Total |    924 |    897 |     27 |     69 |    581 |   2 |  462.0 |
       Dungeon |    924 |    897 |     27 |     69 |    581 |   2 |  462.0 |
               +--------+--------+--------+--------+--------+-----+--------+

Top non-repeatable levels by time:
     D:1: 735 daAuts
     D:2: 189 daAuts
